 Dungeon Crawl Stone Soup version 0.30.1-9-gdf580d7c3d (webtiles) character file.

Game seed: 7400111854937996824

6382 Atelerd the Covert (level 10, -13/60 HPs)
             Began as an Octopode Earth Elementalist on Sept 24, 2023.
             Was an Initiate of Sif Muna.
             Mangled by a salamander
             ... wielding a +0 glaive
              (21 damage)
             ... in a volcano.
             The game lasted 00:24:05 (10897 turns).

Atelerd the Covert (Octopode Earth Elementalist)   Turns: 10897, Time: 00:24:06

Health: -13/60     AC:  1    Str:  7    XL:     10   Next: 97%
Magic:  17/23      EV: 15    Int: 20    God:    Sif Muna [......]
Gold:   585        SH:  5    Dex: 15    Spells: 23/28 levels left

rFire   . . .        h - +2 dagger (elec)
rCold   . . .        (no shield)
rNeg    . . .        (helmet restricted)
rPois   +            k - amulet of reflection
rElec   .            n - ring of wizardry
rCorr   +            l - ring of poison resistance
SInv    .            t - ring of resist corrosion
Will    .....        i - ring of flight
Stlth   +++++        (no ring)
HPRegen 0.30/turn    (no ring)
MPRegen 0.18/turn    (no ring)
                     (no ring)

%: reflection, wizardry (x1)
@: weak-willed, flying
A: almost no armour, amphibious, 8 rings, camouflage 1, gelatinous body 1,
(nimble swimmer 1), tentacles
a: Renounce Religion


You were in a volcano.
You worshipped Sif Muna.
Sif Muna was noncommittal.
You visited 3 branches of the dungeon, and saw 10 of its levels.
You also visited: Volcano.

You collected 613 gold pieces.
You spent 28 gold pieces at shops.

Inventory:

Hand Weapons
 h - a +2 dagger of electrocution (weapon)
Jewellery
 i - a ring of flight (on tentacle)
 k - an amulet of reflection (around mantle)
 l - a ring of poison resistance (right tentacle)
 n - a ring of wizardry (left tentacle)
 t - a ring of resist corrosion (on tentacle)
Wands
 q - a wand of charming (11)
 u - a wand of digging (13)
 z - a wand of flame (16)
 D - a wand of acid (1)
Scrolls
 d - a scroll of fog
 f - 2 scrolls of magic mapping
 g - a scroll of vulnerability
 p - a scroll of amnesia {unknown}
 s - a scroll of enchant armour {unknown}
 v - a scroll of noise {unknown}
 y - a scroll of teleportation {unknown}
 A - a scroll of immolation {unknown}
 C - a scroll of enchant weapon {unknown}
 E - 2 scrolls of brand weapon {unknown}
 H - a scroll of acquirement {unknown}
Potions
 a - 3 potions of magic
 b - a potion of flight
 e - a potion of resistance {unknown}
 j - a potion of mutation {unknown}
 m - a potion of brilliance
 o - a potion of invisibility {unknown}
 r - a potion of haste {unknown}
 w - 6 potions of curing
 x - 2 potions of cancellation {unknown}
 B - a potion of heal wounds {unknown}
 F - a potion of lignification {unknown}


   Skills:
 - Level 2.0 Fighting
 - Level 2.0 Short Blades
 - Level 5.0 Dodging
 - Level 10.0 Stealth
 + Level 9.6 Spellcasting
 - Level 4.0 Transmutations
 - Level 8.0 Earth Magic
 - Level 4.0 Invocations


You had 23 spell levels left.
You knew the following spells:

 Your Spells              Type           Power      Damage    Failure   Level
a - Sandblast             Erth           82%        2d17      1%          1
p - Petrify               Tmut/Erth      33%        N/A       2%          4

Your spell library contained the following spells:

 Spells                   Type           Power      Damage    Failure   Level
 Passwall                 Tmut/Erth      27%        N/A       1%          2
 Stone Arrow              Conj/Erth      50%        3d10      1%          3
 Passage of Golubria      Tloc           9%         N/A       28%         4
 Statue Form              Tmut/Erth      22%        N/A       34%         6
 Metabolic Englaciation   Hex/Ice        4%         N/A       58%         5
 Silence                  Hex/Air        4%         N/A       58%         5
 Lehudib's Crystal Spear  Conj/Erth      12%        10d4      100%        8
 Animate Armour           Summ/Erth      Unusable   N/A       N/A         4

Dungeon Overview and Level Annotations

Branches:
Dungeon (8/15)             Temple (1/1) D:7            Lair (1/5) D:8
Volcano (1/1)

Altars:
Cheibriados
Dithmenos
Elyvilon
Gozag
Hepliaklqana
Kikubaaqudgha
Makhleb
Qazlal
Ru
Sif Muna
Trog
Uskayaw
Vehumet
Wu Jian
Xom
Yredelemnul

Shops:
D:2 ?   D:5 *   D:6 !

Annotations:
D:3 exclusion: downstairs
D:4 exclusion: door
D:5 exclusion: upstairs
D:6 2 runed translucent doors, Ratslayer's ghost, novice MiBe


Innate Abilities, Weirdness & Mutations

You cannot wear most types of armour.
You are amphibious.
You can wear up to eight rings at the same time.
Your skin changes colour to match your surroundings (Stealth+).
Your rubbery body absorbs attacks. (AC +1, EV +1)
((You are camouflaged when in or above water. (Stealth+)))
You have tentacles for arms and can constrict up to eight enemies at once.


Message History

The red draconian seems to be corroded for longer.
The red draconian is lightly wounded.
The bolt of acid hits the salamander.
The acid corrodes the salamander!
The salamander is lightly wounded.
The grasping roots constrict the salamander!
The grasping roots constrict the red draconian!
The grasping roots constrict the salamander!
The roots release their grip on the salamander.
The roots release their grip on the red draconian.
The roots release their grip on the salamander.
A salamander comes into view. It is wielding a +0 glaive.
There is a large open door here.
Okay, then.
Hit: h) +2 dagger (elec)
Press: ? - help, Dir - move target, f - you, p - red draconian
Okay, then.
Okay, then.
Okay, then.
Press: ? - help, v - describe, . - travel
Here: a salamander, wielding a +0 glaive The floor.
Okay, then.
Okay, then.
Okay, then.
Okay, then.
The salamander hits you with a +0 glaive!!
* * * LOW HITPOINT WARNING * * *
You are engulfed in flames!
* * * LOW HITPOINT WARNING * * *
Unknown command.
Okay, then.
Okay, then.
Aiming: Charm
Press: ? - help, Shift-Dir - straight line, f - salamander
Aim: a salamander, wielding a +0 glaive (chance to affect: 31%)
Okay, then.
The salamander attacks as you move away!
The salamander misses you.
The salamander hits you from afar with a +0 glaive!!
You die...

#≈§≈§≈#..)#.....#..
§≈§≈≈§#...#######..
§§§≈≈§#..d+[...)'.
. ##≈≈≈§#...#..≈..#
..
##≈≈§#..N#8≈≈≈8#...
#≈≈≈§##..'..≈..'..#
#≈≈≈≈ #..'N.N..'..#
##≈§
≈##)#8...8#.##≈ #
§§###@....###§≈≈
#≈≈≈≈≈..)..≈≈§≈≈§
##≈≈≈≈8...8§≈≈≈§≈
###≈≈.....≈§≈≈≈#
#§≈.....≈§≈###
##§8...8≈≈§#
##.....#### #.....#
#8...8#


You could see a red draconian (weak-willed, corroded) and 3 salamanders.

Vanquished Creatures
  A salamander mystic (Volcano)
  A lindwurm (Lair:1)
  3 salamanders (Volcano)
  Psyche (D:8)
  Sigmund (D:2)
  2 wyverns (D:8)
  A steam dragon (D:6)
  2 yaks (D:4)
  Menkaure (D:7)
  A water moccasin (D:8)
  An orc warrior (D:8)
  A sky beast (D:7)
  Duvessa (D:4)
  2 black bears
  2 ice beasts
  2 ogres (D:5)
  3 centaurs
  2 phantoms
  Blork the orc (D:5)
  4 bullfrogs
  5 scorpions
  Dowan (D:4)
  A killer bee (D:8)
  A howler monkey (D:6)
  An orc priest (D:4)
  4 hounds
  3 jellies
  2 gnoll boudas (D:6)
  4 iguanas
  4 orc wizards
  A sleepcap (D:5)
  Natasha (twice) (D:2)
  Ijyb (D:4)
  11 gnolls (D:6)
  7 adders
  A shadow imp (D:8)
  2 white imps
  3 worms
  2 dart slugs
  34 orcs
  7 ball pythons
  4 bats
  6 endoplasms
  4 giant cockroaches
  9 goblins
  6 hobgoblins
  7 jackals
  7 kobolds
  6 quokkas
  4 frilled lizards
  3 rats
186 creatures vanquished.

Vanquished Creatures (collateral kills)
  A killer bee (D:8)
1 creature vanquished.

Vanquished Creatures (others)
  A killer bee (D:8)
1 creature vanquished.

Grand Total: 188 creatures vanquished

Notes
Turn   | Place    | Note
-------+----------+-------------------------------------------
     0 | D:1      | Atelerd the Octopode Earth Elementalist began the quest for
                  | the Orb.
     0 | D:1      | Reached XP level 1. HP: 11/11 MP: 3/3
   151 | D:1      | Reached XP level 2. HP: 17/17 MP: 3/5
   829 | D:1      | Reached XP level 3. HP: 21/21 MP: 6/6
   982 | D:2      | Noticed Sigmund
   993 | D:2      | Killed Sigmund
   994 | D:2      | Reached XP level 4. HP: 10/27 MP: 6/8
   994 | D:2      | Reached XP level 5. HP: 11/31 MP: 6/9
  1173 | D:2      | Learned a level 4 spell: Petrify
  1175 | D:2      | Identified the +0 whip "Zatrikki" {vamp, rPois Stlth+}
  1342 | D:2      | Noticed Natasha
  1345 | D:2      | Killed Natasha
  1346 | D:2      | Reached skill level 3 in Stealth
  1346 | D:2      | Reached XP level 6. HP: 25/36 MP: 7/11
  1525 | D:2      | Found Vybaxt's Magic Scroll Boutique.
  1526 | D:2      | Noticed Natasha
  1538 | D:2      | Killed Natasha
  1587 | D:2      | Bought a scroll of identify for 28 gold pieces
  2049 | D:3      | Found a faded altar of an unknown god.
  2063 | D:3      | Reached skill level 5 in Earth Magic
  3168 | D:4      | Reached skill level 1 in Short Blades
  3297 | D:4      | Noticed Ijyb
  3304 | D:4      | Killed Ijyb
  3305 | D:4      | Reached XP level 7. HP: 39/41 MP: 9/12
  3385 | D:4      | Noticed a yak
  3385 | D:4      | Noticed a yak
  3385 | D:4      | Noticed a yak
  3385 | D:4      | Noticed a yak
  3385 | D:4      | Noticed a yak
  3652 | D:4      | Found a shimmering altar of Xom.
  3652 | D:4      | Found a white marble altar of Elyvilon.
  3652 | D:4      | Noticed Duvessa
  3652 | D:4      | Noticed Dowan
  3656 | D:4      | Killed Duvessa
  3657 | D:4      | Reached skill level 4 in Stealth
  3662 | D:4      | Killed Dowan
  3683 | D:4      | Found a shadowy altar of Dithmenos.
  3685 | D:4      | Found a stormy altar of Qazlal.
  3687 | D:4      | Found an ancient bone altar of Kikubaaqudgha.
  3711 | D:5      | Entered Level 5 of the Dungeon
  3805 | D:5      | Noticed Blork the orc
  3824 | D:5      | Killed Blork the orc
  4001 | D:5      | Reached XP level 8. HP: 28/46 MP: 9/14
  4117 | D:5      | Found Eromig's Assorted Antiques.
  4325 | D:5      | Reached skill level 5 in Stealth
  4629 | D:5      | Found a hazy altar of Hepliaklqana.
  4897 | D:5      | Reached skill level 6 in Stealth
  5018 | D:6      | Found Ylepnelyucs's Distillery.
  5499 | D:6      | Reached skill level 5 in Spellcasting
  5615 | D:6      | Reached skill level 7 in Stealth
  5713 | D:6      | Reached XP level 9. HP: 51/51 MP: 14/17
  5865 | D:6      | Found an opulent altar of Gozag.
  6143 | D:6      | Found a runed translucent door.
  6145 | D:6      | Noticed Ratslayer's ghost (novice MiBe)
  6429 | D:6      | Found a runed translucent door.
  6699 | D:6      | Found a sacrificial altar of Ru.
  7412 | D:7      | Noticed Menkaure
  7414 | D:7      | Killed Menkaure
  7629 | D:7      | Found a staircase to the Ecumenical Temple.
  8088 | D:8      | Found a staircase to the Lair.
  8302 | D:8      | Reached skill level 1 in Fighting
  8558 | D:8      | Reached XP level 10. HP: 34/59 MP: 14/22
  8784 | D:8      | Reached skill level 8 in Stealth
  9183 | D:8      | Noticed Psyche
  9205 | D:8      | Killed Psyche
 10285 | Temple   | Entered the Ecumenical Temple
 10400 | Temple   | Became a worshipper of Sif Muna the Loreminder
 10466 | Lair:1   | Entered Level 1 of the Lair of Beasts
 10585 | Lair:1   | Noticed a lindwurm
 10585 | Lair:1   | Found a dark tunnel.
 10619 | Lair:1   | Killed a lindwurm
 10620 | Lair:1   | Reached skill level 5 in Dodging
 10620 | Lair:1   | Reached skill level 9 in Stealth
 10620 | Lair:1   | Reached skill level 1 in Invocations
 10663 | Volcano  | Entered a volcano
 10679 | Volcano  | Noticed a salamander mystic
 10697 | Volcano  | Killed a salamander mystic
 10724 | Volcano  | Found a radiant altar of Vehumet.
 10726 | Volcano  | Noticed a red draconian
 10762 | Volcano  | Noticed a salamander
 10765 | Volcano  | Killed a salamander
 10781 | Volcano  | Noticed a salamander
 10785 | Volcano  | Noticed a salamander
 10792 | Volcano  | Killed a salamander
 10793 | Volcano  | Reached skill level 10 in Stealth
 10824 | Volcano  | Killed a salamander
 10883 | Volcano  | Noticed a salamander
 10884 | Volcano  | Noticed a salamander
 10892 | Volcano  | Noticed a salamander
 10897 | Volcano  | Mangled by a salamander

Illustrated notes

Levels and vault maps discovered:
D:1:      minmay_arrival_stone_box, layout_basic
D:2:      layout_loops_ring, serial_shops, nicolae_diamond_shop, uniq_sigmund,
          uniq_natasha
D:3:      layout_loops_ring, hellmonk_ecumenical_altar_pennies_from_heaven,
          minmay_door_square
D:4:      minmay_chambers_of_twos, layout_basic,
          chequers_temple_overflow_minitemple, minmay_distorted, uniq_ijyb,
          uniq_duvessa
D:5:      layout_loops_cross, mainiacjoe_overflow_chevrons, serial_shops, shop,
          kb_lookout_dungeons_type, minmay_tree_intersection, uniq_blork_the_orc
D:6:      layout_basic, lemuel_crystal_altar, nicolae_ru_awakened_eye,
          serial_shops, shop, ebering_ghost_sewer_f, hangedman_decor_peaks_small
D:7:      mumra_celtic_spiral_tile, layout_rooms, minmay_temple_entry_hall,
          uniq_menkaure
D:8:      layout_basic, grunt_lair_entry_orc_guard_hut, uniq_psyche
Temple:   nicolae_temple_figure_zero
Lair:1:   layout_chaotic_city, nicolae_volcano_entry_vermiform
Volcano:  kennysheep_volcano_temple

Skill      XL: |  1  2  3  4  5  6  7  8  9 10 |
---------------+-------------------------------+-----
Spellcasting   | 3 4 5 8 9 |  9.6
Transmutations | 3 4 |  4.0
Earth Magic    | 4 5 6 7 8 |  8.0
Stealth        | 3 4 7 10 | 10.0
Short Blades   | 1 2 |  2.0
Dodging        | 3 5 |  5.0
Fighting       | 1 2 |  2.0
Invocations    | 4 |  4.0

Action                     |  1- 3 |  4- 6 |  7- 9 | 10-12 || total
---------------------------+-------+-------+-------+-------++-------
  Melee: Unarmed           |     4 |       |       |       ||     4
         Constrict         |     4 |     5 |    11 |     6 ||    26
         Short sword       |     7 |       |       |       ||     7
         Tentacles         |     5 |     3 |    11 |    10 ||    29
         Hand axe          |     3 |       |       |       ||     3
         Dagger            |    11 |    25 |    67 |    30 ||   133
         Punch             |       |       |     3 |     1 ||     4
   Cast: Sandblast         |    27 |    69 |   102 |    38 ||   236
         Petrify           |       |       |    37 |    26 ||    63
  Evoke: Wand              |       |       |     3 |     5 ||     8
    Use: Scroll            |       |     2 |     4 |     4 ||    10
         Potion            |       |       |     4 |     1 ||     5
   Stab: Sleeping          |     3 |     7 |    15 |     2 ||    27
         Petrified         |       |       |    25 |    22 ||    47
         Petrifying        |       |       |     4 |       ||     4
 Armour: Skin              |     3 |     1 |     9 |       ||    13
  Dodge: Dodged            |    22 |    50 |    87 |    17 ||   176
  Block: Other             |       |       |       |     1 ||     1
